 Dungeon Crawl Stone Soup version 0.21-a0-426-g98080a9 (webtiles) character file.

141 kae the Ruffian (level 5, 0/60 HPs)
             Began as a Draconian Transmuter on Nov 6, 2017.
             Succumbed to an adder's poison
             ... on level 3 of the Dungeon.
             The game lasted 00:02:13 (2686 turns).

kae the Ruffian (Draconian Transmuter)              Turns: 2686, Time: 00:02:13

Health: 0/60       AC: 22    Str: 18    XL:     5   Next: 3%
Magic:  8/9        EV:  2    Int: 13    God:
Gold:   88         SH:  0    Dex: 12    Spells: 8/9 levels left

rFire    . . .     SeeInvis .   g - +1 short sword (elec)
rCold    . . .     Gourm    .   (no shield)
rNeg     + + +     Faith    .   (armour unavailable)
rPois    +         Spirit   .   (helmet currently unavailable)
rElec    .         Reflect  .   (cloak currently unavailable)
rCorr    .         Harm     .   (gloves currently unavailable)
MR       .....     NoTele   +   (boots currently unavailable)
Stlth    +.........             (no amulet)
HPRegen  0.20/turn              (no ring)
MPRegen  0.11/turn              (no ring)

@: mighty, lethally poisoned (0 -> -15), tree-form
A: unfitting armour, AC +5
a: no special abilities


You were on level 3 of the Dungeon.
You were not hungry.
You were a tree.
You visited 1 branch of the dungeon, and saw 3 of its levels.

You collected 88 gold pieces.

Inventory:

Hand Weapons
 e - a +0 whip
 g - a +1 short sword of electrocution (weapon)
Missiles
 a - 33 arrows
Scrolls
 i - 2 scrolls of remove curse
Potions
 d - a potion of mutation
 h - a potion of might
 k - a potion of lignification
 o - a potion of experience {unknown}
 p - a potion of heal wounds {unknown}
 q - a potion of invisibility {unknown}
Books
 b - a book of Changes

   Spells                             Type                      Level
   a - Beastly Appendage              Transmutation                1
   b - Sticks to Snakes               Transmutation                2
   c - Spider Form                    Transmutation/Poison         3
   d - Ice Form                       Ice/Transmutation            4
   e - Blade Hands                    Transmutation                5
 n - a book of Cantrips

   Spells                             Type                      Level
   a - Confusing Touch                Hexes                        1
   b - Animate Skeleton               Necromancy                   1
   c - Summon Small Mammal            Summoning                    1
   d - Apportation                    Translocation                1
Comestibles
 c - 2 bread rations
 m - 4 fruits


   Skills:
 - Level 1.1 Fighting
 - Level 1.7 Dodging
 * Level 4.6 Unarmed Combat
 + Level 2.9 Spellcasting
 + Level 3.0 Transmutations


You had 8 spell levels left.
You knew the following spells:

 Your Spells              Type           Power        Failure   Level  Hunger
a - Beastly Appendage     Tmut           #.....       6%          1    #......


Dungeon Overview and Level Annotations

Branches:
Dungeon (3/15)

Altars:


Innate Abilities, Weirdness & Mutations

((Your plain brown scales are hard. (AC +5)))
You cannot fit into any form of body armour.
((You are cold-blooded and may be slowed by cold attacks.))


Message History

The adder is almost dead.
* * * LOW HITPOINT WARNING * * *
You feel sick. The adder bites you.
* * * LOW HITPOINT WARNING * * *
You are more poisoned.
The adder poisons you!
You barely miss the adder.
The adder is almost dead.
Your transformation is almost over.
* * * LOW HITPOINT WARNING * * *
You feel sick. The adder misses you. The adder closely misses you.
Unknown command.
It was a potion of might.
You feel very mighty all of a sudden.
* * * LOW HITPOINT WARNING * * *
You feel sick. The adder closely misses you.
It was a potion of lignification.
Your horns disappear.
You turn into a tree.
Your roots penetrate the ground.
You die...

....# #.#.# #†#.# #
# #÷#.# .# .
###.##<#.#####.#..
.?..............l%.
.##.##.......>.....
#.......##.##.#
#....$.♣S....#
##.....)##.##.#
#......# #
........>.
###..###.### #..
.#. #.. # #. #.. ##


You could see an adder.

Vanquished Creatures
  A howler monkey (D:2)
  A hound skeleton (D:2)
  5 adders
  An ooze (D:1)
  A worm (D:2)
  An orc (D:3)
  4 bats
  A giant cockroach (D:2)
  3 goblins (D:1)
  7 hobgoblins
  4 jackals
  A quokka (D:3)
  4 frilled lizards
  5 kobolds
  5 rats
44 creatures vanquished.

Notes
Turn   | Place    | Note
-------+----------+-------------------------------------------
     0 | D:1      | kae the Draconian Transmuter began the quest for the Orb.
     0 | D:1      | Reached XP level 1. HP: 16/16 MP: 3/3
   424 | D:1      | Reached XP level 2. HP: 23/23 MP: 5/5
  1368 | D:2      | Reached XP level 3. HP: 28/28 MP: 6/6
  1785 | D:2      | Reached skill level 4 in Unarmed Combat
  2162 | D:2      | Reached XP level 4. HP: 34/35 MP: 7/7
  2671 | D:3      | Reached XP level 5. HP: 30/40 MP: 9/9
  2684 | D:3      | HP: 2/40 [poisoned by an adder]
  2686 | D:3      | Succumbed to an adder's poison

Vault maps used:
D:1:      dpeg_arrival_boxes_within_box
D:3:      first_bread

Skill      XL: |  1  2  3  4 |
---------------+-------------+-----
Unarmed Combat | 4 |  4.6
Transmutations | 3 |  3.0
Fighting       | |  1.1
Dodging        | |  1.7
Spellcasting   | |  2.9

Action                   |  1- 3 |  4- 6 || total
-------------------------+-------+-------++-------
Melee: Whip              |    19 |       ||    19
       Unarmed           |    10 |       ||    10
       Tailslap          |     6 |     3 ||     9
       Short sword       |    71 |    55 ||   126
       Kick              |       |     6 ||     6
       Headbutt          |       |     1 ||     1
 Cast: Beastly Appendage |     3 |     4 ||     7
  Use: Scroll            |       |     4 ||     4
       Potion            |       |     2 ||     2
  Eat: Chunk             |     4 |     2 ||     6
Armor: Skin              |    28 |    24 ||    52
Dodge: Dodged            |    83 |    51 ||   134

Table legend:
 A = Spawn XP
 B = Non-spawn XP
 C = Spawn XP percentage of total XP
 D = Spawn monster count
 E = Non-spawn monster count
 F = Spawn count percentage of total count
 G = Total turns spent on level
                    A         B        C        D         E        F      G
               +---------+---------+-------+---------+---------+-------+---------
         Total |       0 |     202 |   0.0 |       0 |      44 |   0.0 |  2686
               +---------+---------+-------+---------+---------+-------+---------
           D:1 |       0 |      26 |   0.0 |       0 |      15 |   0.0 |  1195
           D:2 |       0 |     137 |   0.0 |       0 |      21 |   0.0 |  1400
           D:3 |       0 |      39 |   0.0 |       0 |       8 |   0.0 |    91
               +---------+---------+-------+---------+---------+-------+---------
